 Dungeon Crawl Stone Soup version 0.31-a0-1091-g283494c966 (webtiles) character file.

Game seed: 11452392648124135203

8561 Armakuni the Comforter (level 11, 47/47 HPs)
             Began as a Felid Shapeshifter on Nov 28, 2023.
             Was a Follower of Elyvilon.
             Quit the game on level 11 of the Dungeon.
             The game lasted 00:46:16 (10775 turns).

Armakuni the Comforter (Felid Shapeshifter)        Turns: 10775, Time: 00:46:17

Health: 47/47      AC:  2    Str: 10    XL:     11   Next: 11%
Magic:  21/21      EV: 20    Int: 15    God:    Elyvilon [*.....]
Gold:   471        SH:  0    Dex: 17    Spells: 4/10 levels left
                                        Lives:  1   Deaths: 3

rFire   + .          .
                       - Unarmed
rCold   + . .        (shield unavailable)
rNeg    . . .        (body armour unavailable)
rPois   .            (helmet unavailable)
rElec   .            (cloak unavailable)
rCorr   .            (gloves unavailable)
SInv    +            (boots unavailable)
Will    +....        R - amulet of regeneration
Stlth   ++           F - ring of protection from fire
HPRegen 1.07/turn    J - ring of protection from cold
MPRegen 0.17/turn

%: no passive effects
@: beast-form, studying Unarmed Combat, quick
A: beast (slay +1), very small, claws 1, fangs 3, see invisible, speed 1, shaggy
fur 2, stealthy paws, no weapons or thrown items, no armour, multi-lived
a: Begin Untransformation, Renounce Religion, Purification


You were on level 11 of the Dungeon.
You worshipped Elyvilon.
Elyvilon was aware of your devotion.
You were a hulking beast.
You visited 4 branches of the dungeon, and saw 14 of its levels.
You also visited: Ossuary.

You collected 661 gold pieces.
You spent 190 gold pieces at shops.

Inventory:

Jewellery
 f - a ring of protection from fire
 F - a ring of protection from fire (left paw)
 J - a ring of protection from cold (right paw)
 K - a ring of resist corrosion
 M - a ring of wizardry
 N - a ring of positive energy
 P - a ring of magical power
 R - an amulet of regeneration (around neck)
Talismans
 b - a beast talisman (active)
Wands
 l - a wand of paralysis (7)
Scrolls
 d - a scroll of enchant armour
 i - a scroll of blinking
 j - a scroll of fog
 p - 2 scrolls of silence
 q - a scroll of teleportation
 r - 3 scrolls of amnesia
 s - a scroll of vulnerability
 x - a scroll of noise
Potions
 a - 4 potions of curing
 c - 2 potions of cancellation
 e - a potion of heal wounds
 g - 3 potions of haste
 h - a potion of invisibility
 k - 2 potions of ambrosia
 m - a potion of enlightenment
 t - a potion of resistance
 X - 5 potions of mutation


   Skills:
 - Level 5.0 Fighting
 - Level 6.0 Dodging
 + Level 9.4 Unarmed Combat
 - Level 5.0 Transmutations
 + Level 12.1 Invocations
 - Level 5.0 Evocations
 - Level 3.2 Shapeshifting


You had 4 spell levels left.
You knew the following spells:

 Your Spells              Type           Power      Damage    Failure   Level
v - Vhi's Electric Charg  Tloc/Air       0%         N/A       95%         4
w - Wereblood             Tmut           15%        N/A       5%          2

Your spell library contained the following spells:

 Spells                   Type           Power      Damage    Failure   Level
 Sublimation of Blood     Necr           0%         N/A       38%         2
 Arcjolt                  Conj/Air       0%         1d10      100%        5
 Plasma Beam              Fire/Air       0%         2x1d10    100%        6
 Summon Hydra             Summ           0%         N/A       100%        7


Dungeon Overview and Level Annotations

Branches:
Dungeon (11/15)            Temple (1/1) D:5            Lair (1/5) D:8
    Orc (1/2) D:10        Ossuary (visited)

Altars:
Ashenzari
Cheibriados
Dithmenos
Elyvilon
Fedhas
Gozag
Hepliaklqana
Kikubaaqudgha
Makhleb
Nemelex Xobeh
Okawaru
Qazlal
Ru
Sif Muna
Trog
Uskayaw
Vehumet
Wu Jian
Xom
Yredelemnul
Zin
The Shining One

Shops:
D:4 ?   D:6 (   D:7 [*

Annotations:
D:4 Pikel
D:8 Grum
Lair:1 Amaemon


Innate Abilities, Weirdness & Mutations

You are a hulking beast.
Your limbs bulge with bestial killing power. (Slay +1)
You have sharp claws.
You have razor-sharp teeth.
You have supernaturally acute eyesight. (SInv)
You cover ground quickly. (Speed+)
You are covered in thick fur. (AC +2)
Your paws help you pounce on unaware monsters.
You are incapable of wielding weapons or throwing items.
You cannot wear armour.
You gain extra lives every three experience levels.


Message History

The volley of spikes misses you.
You start waiting.
A manticore is nearby!
You claw the manticore! You bite the manticore.
The manticore is moderately wounded.
The manticore completely misses you. The manticore claws you.
The manticore misses you.
You barely miss the manticore.
The manticore is moderately wounded.
The manticore closely misses you. The manticore completely misses you.
The manticore claws you!
You claw the manticore! Your claw misses the manticore.
The manticore is heavily wounded.
The manticore misses you. The manticore claws you! The manticore claws you.
You claw the manticore!
The manticore is severely wounded.
The manticore misses you. The manticore claws you.
The manticore barely misses you.
You closely miss the manticore.
The manticore is severely wounded.
You claw the manticore! You claw the manticore.
The manticore is almost dead.
The manticore barely misses you. The manticore completely misses you.
The manticore barely misses you.
You barely miss the manticore.
The manticore is almost dead.
The manticore completely misses you. The manticore claws you!
* * * LOW HITPOINT WARNING * * *
The manticore claws you!
You die...
Your shape twists and changes as you die.
You rejoin the land of the living...
Found 10 gold pieces.
A rust devil comes into view.
You see here 10 gold pieces.
You now have 471 gold pieces (gained 10).
You see here a potion of enlightenment.
m - a potion of enlightenment The rust devil completely misses you.
Are you sure you want to abandon this character and quit the game? (Confirm with "yes".)

#.#.. ##...........# ##....
##............# .....##
#..............# # #
#...####.#..........#.##.#.
#.H....h>...........#..#.. ..
###...####.#....$.........#....
...O..##..............##.......
.##.<.##.....#..........#
#....#.....##.h4..###.......#
#....#....######### #####...#
#..#......# .. #..#.#.....#
#.#...#....# #..#.#.....#
##..#......# ##...#....#
##########


You could see a rust devil.

Vanquished Creatures
  A necromancer (D:9)
  A kobold demonologist (D:9)
  2 trolls
  8 yaks
  Eustachio (D:4)
  A wraith (D:9)
  A steam dragon (D:10)
  4 vampire mosquitoes (D:10)
  Menkaure (D:4)
  2 water moccasins
  An ice beast (D:7)
  An orc warrior (D:10)
  3 black bears
  3 wolves
  4 ogres
  8 centaurs
  4 lemures (D:4)
  3 phantoms
  3 bullfrogs
  2 kobold brigands
  A gnoll sergeant (D:7)
  4 water moccasin zombies (Ossuary)
  A scorpion (D:5)
  4 wights (D:10)
  A gnoll bouda (D:6)
  2 orc priests
  4 hounds
  A sleepcap (D:4)
  5 iguanas
  7 orc wizards
  2 polar bear simulacra (D:9)
  3 yak simulacra (D:9)
  3 wolf simulacra (D:9)
  2 mummies (Ossuary)
  6 adders
  12 gnolls
  2 white imps (D:5)
  2 ufetubi (D:4)
  4 adder zombies (Ossuary)
  4 dart slugs
  35 orcs
  6 endoplasms
  8 giant cockroaches
  8 goblins
  A hobgoblin (D:1)
  16 kobolds
  6 quokkas
  8 ball pythons
  2 bats
  4 frilled lizards
  2 gnoll zombies (Ossuary)
  3 hobgoblin zombies (Ossuary)
  8 kobold zombies (Ossuary)
  5 orc zombies (Ossuary)
  2 rats (D:2)
  2 river rat simulacra (D:9)
240 creatures vanquished.

Vanquished Creatures (others)
  A wyvern (D:8)
  A yak (D:10)
  A black bear (D:8)
  A wolf (D:8)
  A centaur (D:10)
  4 killer bees (D:9)
  An orc wizard (D:8)
10 creatures vanquished.

Grand Total: 250 creatures vanquished

Notes
Turn   | Place    | Note
-------+----------+-------------------------------------------
     0 | D:1      | Armakuni the Felid Shapeshifter began the quest for the
                  | Orb.
     0 | D:1      | Reached XP level 1. HP: 9/9 MP: 2/2
   175 | D:1      | Reached XP level 2. HP: 12/12 MP: 3/3
   244 | D:1      | Found a faded altar of an unknown god.
  1143 | D:2      | Reached XP level 3. HP: 9/15 MP: 4/4
  1617 | D:2      | Reached XP level 4. HP: 19/19 MP: 5/5
  1851 | D:3      | Learned a level 2 spell: Wereblood
  1904 | D:3      | Found a white marble altar of Elyvilon.
  1917 | D:3      | Became a worshipper of Elyvilon the Healer
  1956 | D:3      | Found a blossoming altar of Fedhas.
  2090 | D:3      | Reached skill level 1 in Transmutations
  2229 | D:3      | Identified the +6 war axe of Xoddib {pain, *Slow rC+ Int+4
                  | Dex+4}
  2233 | D:3      | Found an ornate altar of the Wu Jian Council.
  2582 | D:4      | Reached * piety under Elyvilon
  2622 | D:4      | Reached XP level 5. HP: 22/22 MP: 6/6
  2803 | D:4      | Noticed a lemure
  2803 | D:4      | Noticed a lemure
  2805 | D:4      | Noticed Pikel
  2805 | D:4      | Noticed a lemure
  2810 | D:4      | Noticed a lemure
  2811 | D:4      | Killed a lemure
  2852 | D:4      | Mangled by Pikel
  2965 | D:4      | Gained mutation: You are covered in thick fur. (AC +2)
                  | [Felid growth]
  2965 | D:4      | Reached XP level 6. HP: 25/25 MP: 7/7
  3060 | D:4      | Elyvilon protects you from harm!
  3064 | D:4      | Reached skill level 5 in Transmutations
  3350 | D:4      | Noticed Menkaure
  3365 | D:4      | Killed Menkaure
  3366 | D:4      | Reached XP level 7. HP: 14/33 MP: 8/8
  3407 | D:4      | Found Bumegirgho's Magic Scroll Shoppe.
  3410 | D:4      | Bought a scroll of fear for 40 gold pieces
  3410 | D:4      | Bought a scroll of teleportation for 30 gold pieces
  3410 | D:4      | Bought a scroll of identify for 20 gold pieces
  3410 | D:4      | Bought a scroll of identify for 20 gold pieces
  3410 | D:4      | Bought a scroll of amnesia for 40 gold pieces
  3410 | D:4      | Bought a scroll of vulnerability for 40 gold pieces
  3695 | D:4      | Noticed Eustachio
  3781 | D:5      | Entered Level 5 of the Dungeon
  3882 | D:4      | Reached skill level 5 in Fighting
  4096 | D:4      | Killed Eustachio
  4097 | D:4      | Reached skill level 5 in Dodging
  4172 | D:5      | Reached skill level 5 in Unarmed Combat
  4178 | D:5      | Learned a level 4 spell: Vhi's Electric Charge
  4275 | D:5      | Found a sand-covered staircase.
  4288 | Ossuary  | Entered an ossuary
  4365 | Ossuary  | Reached XP level 8. HP: 37/37 MP: 9/9
  4428 | Ossuary  | Reached ** piety under Elyvilon
  4637 | D:5      | Found an ancient bone altar of Kikubaaqudgha.
  4732 | D:5      | Found a staircase to the Ecumenical Temple.
  4743 | Temple   | Entered the Ecumenical Temple
  5030 | D:6      | Found Abyila's Weapon Shoppe.
  5233 | D:6      | Reached skill level 1 in Invocations
  5256 | D:6      | Reached skill level 2 in Invocations
  5319 | D:6      | Reached skill level 3 in Invocations
  5489 | D:6      | Reached skill level 1 in Evocations
  5513 | D:6      | Reached XP level 9. HP: 35/40 MP: 12/12
  5607 | D:7      | Found a bloodstained altar of Trog.
  5843 | D:7      | Reached skill level 4 in Invocations
  6008 | D:7      | Found Etoyx's Antique Armour Boutique.
  6010 | D:7      | Found Fuhoduv's Assorted Antiques.
  6353 | D:7      | Reached *** piety under Elyvilon
  6484 | D:8      | Reached skill level 5 in Invocations
  6497 | D:8      | Noticed a two-headed ogre
  6562 | D:8      | Noticed a two-headed ogre
  6693 | D:8      | Noticed Grum
  6723 | D:8      | Reached skill level 6 in Invocations
  6932 | D:8      | Found a staircase to the Lair.
  6932 | D:8      | Noticed an elephant
  7152 | Lair:1   | Entered Level 1 of the Lair of Beasts
  7170 | Lair:1   | Noticed Amaemon
  7216 | D:9      | Noticed a troll
  7253 | D:9      | Reached skill level 7 in Invocations
  7351 | D:9      | Killed a troll
  7479 | D:9      | Reached skill level 8 in Invocations
  7550 | D:9      | Found a shadowy altar of Dithmenos.
  7716 | D:7      | Reached skill level 5 in Evocations
  7716 | D:7      | Reached XP level 10. HP: 41/44 MP: 17/17
  8079 | D:9      | Identified a scroll of acquirement
  8079 | D:9      | Acquired a manual of Unarmed Combat
  8147 | D:9      | Found a hide-covered altar of Uskayaw.
  8159 | D:10     | Entered Level 10 of the Dungeon
  8239 | D:10     | Reached skill level 9 in Invocations
  8265 | D:10     | Found a staircase to the Orcish Mines.
  8532 | D:9      | Reached skill level 10 in Invocations
  8537 | D:9      | Noticed a necromancer
  8537 | D:9      | Killed from afar by a necromancer
  8623 | D:9      | Killed a necromancer
  9168 | D:10     | Reached skill level 11 in Invocations
  9572 | D:10     | Reached skill level 12 in Invocations
  9591 | D:10     | HP: 2/44 [yak (15)]
  9647 | D:10     | Reached XP level 11. HP: 40/47 MP: 21/21
  9773 | D:11     | Found a frozen archway.
 10005 | Orc:1    | Entered Level 1 of the Orcish Mines
 10024 | Orc:1    | Noticed an orc high priest
 10119 | D:11     | Noticed a boulder beetle
 10119 | D:11     | Noticed a two-headed ogre
 10545 | D:11     | Noticed a two-headed ogre
 10552 | D:10     | Elyvilon protects you from harm!
 10765 | D:11     | Slain by a manticore
 10775 | D:11     | Quit the game

Illustrated notes

Levels and vault maps discovered:
D:1:      dpeg_arrival_arbitrary_a, layout_loops_ring,
          hellmonk_ecumenical_altar_zigzags, st_stairs_9, dk_noncrumbling_2,
          wander_ebering_terrifying_dragon_lair
D:2:      layout_loops_cross
D:3:      layout_loops_ring, mainiacjoe_overflow_chevrons, marbit_many_paths,
          fedhas_altar_1
D:4:      layout_loops_corners, serial_shops, nicolae_shop_behind_doors,
          kennysheep_generic_room_8, uniq_eustachio, uniq_menkaure, uniq_pikel
D:5:      nicolae_cairo_tiling, layout_rooms, kiku_gazebo_pond_becter,
          temple_green, lightli_ossuary_entry_decrepit_ruins
D:6:      layout_basic, serial_shops, nicolae_stop_n_shop_2
D:7:      layout_basic, kennysheep_mini_moat, nicolae_wooded_promenade
D:8:      layout_basic, david_lair_generic, uniq_grum
D:9:      layout_loops_ring, mainiacjoe_overflow_alcove_2, lemuel_doored_altar,
          eino_house_with_fridge
D:10:     layout_roguey, david_orc_2, centaur_isle
D:11:     kennysheep_big_flooded_room, layout_rooms,
          portal_ice_cave_entry_pillars_2, nicolae_where_there's_smoke
Temple:   nicolae_temple_bog_church
Lair:1:   layout_roguey, uniq_amaemon
Orc:1:    cheibrodos_orc_guarddog, layout_caves

Skill      XL: |  1  2  3  4  5  6  7  8  9 10 11 |
---------------+----------------------------------+-----
Dodging        | 3 4 6 |  6.0
Unarmed Combat | 4 5 8 9 |  9.4
Transmutations | 2 4 5 |  5.0
Fighting       | 4 5 |  5.0
Invocations    | 3 8 12 | 12.1
Evocations     | 1 5 |  5.0
Shapeshifting  | |  3.2

Action                     |  1- 3 |  4- 6 |  7- 9 | 10-12 || total
---------------------------+-------+-------+-------+-------++-------
  Melee: Unarmed           |    67 |   145 |   385 |   306 ||   903
         Bite              |     7 |    16 |    40 |    45 ||   108
         Punch             |     3 |     5 |    19 |    17 ||    44
 Invoke: Purification      |       |       |     8 |     1 ||     9
         Heal Other        |       |       |    19 |     6 ||    25
  Evoke: Wand              |       |       |     8 |       ||     8
    Use: Potion            |       |     6 |     2 |    10 ||    18
         Scroll            |       |     1 |    17 |     5 ||    23
   Stab: Sleeping          |     4 |     3 |     4 |       ||    11
         Paralysed         |       |       |     3 |       ||     3
         Invisible         |       |       |       |     4 ||     4
 Armour: Skin              |    12 |    50 |   123 |   131 ||   316
  Dodge: Dodged            |    39 |    92 |   393 |   294 ||   818
   Form: Beast             |     2 |       |       |       ||     2

Table legend: (Time is in decaauts)
 A = Elapsed time spent in this place.
 B = Non-inter-level travel time spent in this place.
 C = Inter-level travel time spent in this place.
 D = Time resting spent in this place.
 E = Time spent auto-exploring this place.
 F = Levels seen in this place.
 G = Mean time per level.
                   A        B        C        D        E       F      G
               +--------+--------+--------+--------+--------+-----+--------+
         Total |   9017 |   8227 |    790 |    876 |   3626 |  15 |  601.1 |
       Dungeon |   8793 |   8003 |    790 |    876 |   3560 |  11 |  799.4 |
        Temple |      6 |      6 |      0 |      0 |      0 |   1 |    6.0 |
          Lair |     22 |     22 |      0 |      0 |      7 |   1 |   22.0 |
  Orcish Mines |     15 |     15 |      0 |      0 |      0 |   1 |   15.0 |
       Ossuary |    179 |    179 |      0 |      0 |     59 |   1 |  179.0 |
               +--------+--------+--------+--------+--------+-----+--------+

Top non-repeatable levels by time:
     D:9: 1487 daAuts
     D:4: 1249 daAuts
    D:10: 1231 daAuts
     D:7: 1020 daAuts
     D:1: 826 daAuts
     D:3: 775 daAuts
     D:5: 636 daAuts
     D:2: 568 daAuts
     D:8: 486 daAuts
     D:6: 415 daAuts
 Ossuary: 179 daAuts
    D:11: 95 daAuts
  Lair:1: 22 daAuts
   Orc:1: 15 daAuts
  Temple: 6 daAuts
